 Dungeon Crawl Stone Soup version 0.17-a0-1718-g72dbe4d (webtiles) character file.

72 technomadic the Magician (level 4, 0/24 HPs)
             Began as a Deep Elf Wizard on Aug 26, 2015.
             Killed from afar by an orc (7 damage)
             ... with a wand of magic darts
             ... on level 3 of the Dungeon.
             The game lasted 00:03:16 (1469 turns).

technomadic the Magician (Deep Elf Wizard)          Turns: 1469, Time: 00:03:16

Health: 0/24       AC:  2    Str:  5    XL:     4   Next: 7%
Magic:  0/12       EV: 12    Int: 23    God:
Gold:   151        SH:  0    Dex: 13    Spells: 3 memorised, 5 levels left

rFire  . . .     SeeInvis .     a - +0 quarterstaff
rCold  . . .     Clarity  .     q - +0 robe
rNeg   . . .     SustAt   .     (no shield)
rPois  .         Gourm    .     b - +0 hat
rElec  .         Spirit   .     (no cloak)
rCorr  .         Warding  .     (no gloves)
rMut   .         Stasis   .     (no boots)
MR     .....                    (no amulet)
Stlth  ++........               (no ring)
                                (no ring)

@: not resistant to hostile enchantments, unstealthy
A: no striking features
a: no special abilities


You were on level 3 of the Dungeon.
You were hungry.

You visited 1 branch of the dungeon, and saw 3 of its levels.

You collected 151 gold pieces.

Inventory:

Hand weapons
 a - a +0 quarterstaff (weapon)
Armour
 b - a +0 hat (worn)
 q - a +0 robe (worn)
Jewellery
 k - an uncursed ring of protection from magic {unknown}
Scrolls
 e - 8 scrolls of identify {unknown}
 f - 3 scrolls of teleportation {unknown}
 h - a scroll of fog {unknown}
 j - 3 scrolls of remove curse {unknown}
 n - a scroll of amnesia {unknown}
Potions
 g - 2 potions of agility {unknown}
 i - 2 potions of curing {unknown}
 p - a potion of flight {unknown}
Books
 c - a book of Minor Magic

   Spells                             Type                      Level
   a - Magic Dart                     Conjuration                  1
   b - Blink                          Translocation                2
   c - Call Imp                       Summoning                    2
   d - Repel Missiles                 Charms/Air                   2
   e - Slow                           Hexes                        2
   f - Conjure Flame                  Conjuration/Fire             3
   g - Mephitic Cloud                 Conjuration/Poison/Air       3
Comestibles
 d - 2 bread rations
 m - a beef jerky
 o - 2 meat rations


   Skills:
 - Level 2.4 Dodging
 - Level 2.4 Stealth
 - Level 4.4 Spellcasting
 - Level 4.0 Conjurations
 - Level 1.1 Summonings
   Level 1.1 Translocations
 + Level 1.4 Poison Magic


You had 5 spell levels left.
You knew the following spells:

 Your Spells              Type           Power        Failure   Level  Hunger
a - Magic Dart            Conj           ###.         1%          1    None
b - Call Imp              Summ           ##......     12%         2    None
c - Mephitic Cloud        Conj/Pois/Air  ##......     17%         3    ##.....


Dungeon Overview and Level Annotations

Branches:
Dungeon (3/15)

Altars:
Yredelemnul


Message History

Aiming: Magic Dart
Press: ? - help, Shift-Dir - straight line, f/p - orc
Aim: an orc (severely wounded)
The magic dart hits the orc.
You kill the orc!
You closely miss the orc. Something hits you but does no damage.
The orc barely misses you.
You closely miss the orc. Something hits you.
The orc zaps a wand.
The magic dart hits you!
Casting: Magic Dart
Confirm with . or Enter, or press ? or * to list all spells.
Aiming: Magic Dart
Press: ? - help, Shift-Dir - straight line, f - orc
Aim: an orc, wielding a flail, wearing a leather armour and carrying a wand of magic darts {zapped: 2} The magic dart hits the orc.
The orc is moderately wounded.
Something hits you.
* * * LOW HITPOINT WARNING * * *
The orc zaps a wand.
The magic dart hits you!
You die...

### ..# ..... ..## #...#
...## #...# ....#
##...#####
.>..######........####..
...............).......
...#.#..^..........#
........#.......@o.#
..#####).#.......)#.....
.## ##..##..####S.....
.# ##.##..# ...... .#
#.##..# .)... .# #.##..#
..... .# #..#..# ##.. .#
##.#..# .. .### ....#


You could see an adder and an orc.

Vanquished Creatures
  2 adders (D:2)
  An ooze (D:3)
  A worm (D:2)
  A giant gecko (D:2)
  3 orcs (D:3)
  6 goblins
  4 hobgoblins
  7 kobolds
  7 bats
  3 giant cockroaches
  4 giant newts
  5 rats
44 creatures vanquished.

Notes
Turn   | Place    | Note
--------------------------------------------------------------
     0 | D:1      | technomadic the Deep Elf Wizard began the quest for the Orb.
     0 | D:1      | Reached XP level 1. HP: 10/10 MP: 7/7
   171 | D:1      | Reached XP level 2. HP: 15/15 MP: 5/9
   604 | D:2      | Learned a level 2 spell: Call Imp
   815 | D:2      | Reached XP level 3. HP: 19/19 MP: 4/10
   900 | D:2      | Learned a level 3 spell: Mephitic Cloud
  1128 | D:2      | Found a basalt altar of Yredelemnul.
  1187 | D:3      | Reached skill level 1 in Poison Magic
  1455 | D:3      | Reached XP level 4. HP: 24/24 MP: 9/12
  1469 | D:3      | Killed from afar by an orc

Vault maps used:
D:1:      minmay_arrival_checkered_box, corexii_hall_statues_i, minivault_5
D:2:      yredelemnul_altar_generic
D:3:      grunt_temple_overflow_order_and_chaos_1, minitemple, first_bread

Action                   |  1- 3 |  4- 6 || total
-------------------------+-------+-------++-------
Melee: Unarmed           |     1 |       ||     1
       Quarterstaff      |     5 |     2 ||     7
 Cast: Magic Dart        |    80 |    12 ||    92
  Eat: Chunk             |     1 |       ||     1
